Map: Efflorescence LE

Players

wasp - Winner!

  • Race: Protoss Protoss
  • Spawn Location: 6:00

A.I. 1 (Hard)

  • Race: Zerg Zerg
  • Spawn Location: 3:00

larsgj - Winner!

  • Race: Terran Terran
  • Spawn Location: 9:00

VOD

Have the link to the VOD?

Description

Time

  • Played on: Jan. 23, 2019, 12:08 p.m.
  • Length: 26:46
Show
View Real Time Build Order
Export as new Build Order

wasp Protoss - Winner!

Build Orders:  

Get SALT Encoding   

  12  0:13  Pylon  
  12  0:29  Pylon  
  12  0:44  Gateway  
  12  0:50  Assimilator  
  12  0:57  Assimilator  
  12  1:11  Gateway  
  12  1:29  Forge  
  12  1:45  Probe  
  13  1:57  Probe  
  13  2:01  Zealot  
  16  2:08  Zealot  
  16  2:09  Probe  
  19  2:21  Probe  
  20  2:28  Zealot  
  22  2:35  Zealot  
  24  2:55  Zealot  
  26  3:02  Zealot  
  28  3:22  Zealot  
  30  3:35  Pylon  
  30  3:53  Zealot x2  
  34  3:56  Pylon  
  34  4:13  Cybernetics Core  
  34  4:20  Zealot x2  
  38  4:47  Zealot x2  
  38  4:51  Warp Gate  
  38  4:52  Photon Cannon  
  42  5:04  Gateway  
  46  5:14  Zealot x2  
  46  5:24  Photon Cannon  
  46  5:28  Shield Battery  
  46  5:42  Shield Battery  
  46  5:46  Photon Cannon  
  46  6:03  Pylon  
  46  6:08  Pylon  
  46  6:21  Zealot  
  46  6:25  Gateway  
  48  7:01  Zealot x3  
  54  7:24  Zealot x4  
  62  8:02  Pylon  
  62  8:18  Pylon  
  62  8:22  Pylon  
  62  8:25  Pylon  
  62  8:33  Pylon  
  62  8:41  Zealot x3  
  68  9:19  Twilight Council  
  68  9:42  Stargate  
  68  9:45  Photon Cannon  
  68  9:49  Photon Cannon  
  68  9:53  Photon Cannon  
  68  10:02  Dark Shrine  
  68  10:09  Zealot  
  68  10:10  Zealot x2  
  68  10:11  Zealot  
  76  10:55  Zealot  
  76  10:56  Zealot x2  
  82  10:57  Zealot  
  84  11:36  Nexus  
  16  13:17  Dark Templar  
  16  13:18  Dark Templar  
  20  13:26  Zealot x2  
  24  14:01  Zealot  
  24  14:02  Zealot x3  
  32  14:53  Zealot x2  
  32  14:54  Zealot x2  
  40  15:20  Zealot  
  40  15:21  Zealot x3  
  48  15:41  Zealot  
  48  15:42  Zealot x2  
  52  15:43  Zealot  
  56  16:03  Probe  
  57  16:12  Assimilator  
  57  16:15  Probe  
  58  16:18  Assimilator  
  58  16:27  Probe  
  59  16:39  Probe  
  60  16:51  Probe  
  61  16:57  Zealot x2  
  61  16:58  Zealot x2  
  69  17:30  Fleet Beacon  
  69  17:38  Zealot x2  
  69  17:39  Zealot x2  
  77  18:03  Zealot x2  
  77  18:04  Zealot x2  
  85  18:31  Zealot x4  
  93  19:14  Mothership  
  101  19:21  Zealot x3  
  101  19:22  Zealot  
  109  19:47  Pylon  
  109  20:20  Zealot  
  109  20:21  Zealot x2  
  115  20:34  Zealot  
  117  20:43  Zealot  
  119  21:01  Zealot  
  121  21:45  Zealot x2  
  81  26:09  Zealot x2  
  81  26:10  Zealot x2  
Show
View Real Time Build Order
Export as new Build Order

A.I. 1 (Hard) Zerg 

Build Orders: 1 Base Baneling Bust, Pool First, Zergling Baneling 

Get SALT Encoding   

  12  0:01  Drone  
  13  0:12  Overlord  
  13  0:18  Drone  
  14  0:31  Drone  
  14  0:32  Drone  
  16  0:44  Spawning Pool  
  16  0:45  Drone  
  16  0:50  Drone  
  16  0:53  Extractor  
  16  0:56  Drone  
  17  1:06  Overlord  
  17  1:31  Queen, Zergling x2  
  20  1:36  Zergling x2  
  20  1:38  Drone  
  20  1:39  Roach Warren  
  21  1:40  Extractor  
  20  1:49  Drone  
  20  1:54  Baneling Nest  
  20  2:00  Drone  
  21  2:11  Drone  
  22  2:21  Zergling x2  
  23  2:32  Drone  
  24  2:38  Overlord, Zergling x2  
  24  2:42  Zergling x2  
  26  2:47  Baneling x2, Zergling x2  
  27  2:51  Baneling x2  
  27  2:54  Drone  
  28  3:05  Zergling x2  
  29  3:10  Overlord, Zergling x2  
  30  3:14  Zergling x2  
  30  3:19  Zergling x2  
  32  3:27  Zergling x2  
  32  3:32  Baneling  
  33  3:38  Baneling, Zergling x2  
  34  3:43  Zergling x2, Baneling  
  34  3:47  Baneling x2, Zergling x2  
  36  3:51  Zergling x2  
  36  3:54  Evolution Chamber  
  36  3:56  Zergling x2  
  36  4:01  Drone  
  38  4:12  Drone  
  38  4:13  Overlord  
  38  4:14  Drone  
  38  4:16  Drone  
  41  4:24  Drone  
  42  4:34  Drone  
  43  4:45  Drone  
  44  6:04  Roach, Overlord, Metabolic Boost  
  44  6:05  Zerg Melee Weapons Level 1  
  44  6:06  Burrow  
  44  6:07  Evolution Chamber  
  45  6:14  Hatchery  
  45  6:16  Roach  
  46  6:23  Drone  
  47  6:32  Zerg Ground Armor Level 1  
  47  6:34  Roach  
  49  6:40  Overlord  
  49  6:45  Roach  
  51  7:02  Overlord  
  51  7:18  Lair  
  51  7:20  Spore Crawler  
  50  7:25  Spore Crawler  
  50  7:29  Drone  
  50  7:30  Drone  
  50  7:32  Drone  
  50  7:33  Drone  
  50  7:35  Drone  
  50  7:36  Extractor, Drone  
  54  7:41  Drone  
  55  7:44  Drone  
  55  7:47  Drone  
  55  7:50  Drone  
  58  7:52  Drone  
  58  7:55  Drone  
  58  7:58  Drone  
  61  7:59  Zerg Missile Weapons Level 1  
  61  8:00  Drone  
  61  8:03  Drone  
  63  8:05  Drone  
  63  8:07  Drone  
  63  8:12  Overlord  
  65  8:15  Drone, Overseer  
  65  8:16  Centrifugal Hooks, Overseer, Drone  
  65  8:18  Hydralisk Den  
  65  8:19  Drone  
  67  8:20  Infestation Pit  
  66  8:27  Drone  
  66  8:29  Drone  
  66  8:30  Drone  
  66  8:32  Drone  
  70  8:34  Overlord  
  70  8:38  Drone  
  71  8:47  Hydralisk, Spine Crawler  
  72  8:52  Spine Crawler  
  72  8:54  Spore Crawler  
  71  8:55  Drone  
  71  8:58  Swarm Host  
  71  8:59  Spore Crawler  
  71  9:00  Drone  
  74  9:05  Queen  
  76  9:10  Swarm Host  
  76  9:11  Queen  
  81  9:21  Spire, Hydralisk  
  81  9:22  Drone  
  83  9:26  Spine Crawler  
  83  9:27  Drone  
  83  9:32  Hydralisk, Spine Crawler  
  83  9:33  Drone  
  85  9:44  Hydralisk  
  87  10:15  Overlord, Overseer  
  87  10:21  Pneumatized Carapace  
  87  10:22  Roach, Zerg Ground Armor Level 2, Overseer, Glial Reconstitution, Zerg Melee Weapons Level 2  
  87  10:27  Roach  
  91  10:32  Extractor, Roach  
  91  10:34  Overlord, Zerg Flyer Weapons Level 1  
  92  10:37  Roach, Hatchery  
  93  10:54  Drone  
  92  11:05  Hive  
  92  11:50  Drone, Queen  
  92  11:51  Drone  
  92  11:53  Drone  
  97  11:54  Drone  
  97  11:56  Drone  
  97  11:57  Drone  
  97  11:59  Overlord, Drone  
  97  12:00  Drone  
  102  12:02  Drone  
  102  12:03  Drone  
  102  12:05  Drone  
  102  12:06  Drone x3  
  102  12:08  Drone  
  107  12:09  Drone  
  107  12:13  Drone  
  107  12:17  Drone, Overlord  
  107  12:19  Drone  
  107  12:20  Ultralisk Cavern  
  107  12:21  Drone  
  107  12:22  Drone  
  109  12:23  Drone  
  109  12:25  Hydralisk, Drone  
  109  12:26  Drone  
  109  12:28  Zerg Flyer Armor Level 1  
  111  12:33  Drone  
  111  12:35  Roach  
  97  12:37  Queen, Zerg Missile Weapons Level 2  
  97  12:40  Roach  
  97  12:41  Overseer  
  97  12:43  Hatchery  
  96  12:45  Drone  
  96  12:47  Drone  
  96  12:48  Roach, Drone  
  96  12:50  Drone  
  74  12:53  Roach  
  74  12:54  Drone  
  74  12:58  Zergling x2  
  67  13:04  Extractor  
  67  13:05  Roach  
  65  13:09  Drone  
  56  13:14  Drone  
  56  13:18  Drone  
  51  13:23  Drone  
  52  13:28  Drone  
  53  13:36  Drone  
  53  13:38  Drone  
  53  13:39  Drone  
  56  13:43  Infestor  
  56  13:47  Drone  
  59  13:51  Drone  
  60  13:56  Roach  
  60  13:59  Roach  
  60  14:02  Roach  
  66  14:04  Hydralisk  
  68  14:11  Infestor  
  68  14:16  Roach  
  72  14:20  Roach  
  74  14:24  Roach  
  74  14:27  Roach  
  80  14:31  Roach  
  80  14:35  Roach  
  82  14:40  Hydralisk  
  82  14:45  Hydralisk  
  84  14:50  Hydralisk  
  88  14:55  Infestor  
  90  15:01  Infestor  
  90  15:06  Infestor  
  94  15:09  Drone  
  94  15:11  Drone  
  96  15:15  Drone  
  96  15:16  Drone  
  96  15:20  Drone  
  99  15:22  Drone  
  99  15:25  Drone  
  99  15:27  Drone  
  102  15:30  Drone  
  102  15:32  Drone  
  102  15:34  Drone  
  105  15:36  Drone  
  105  15:38  Drone  
  105  15:39  Drone  
  108  15:44  Overlord  
  108  15:46  Drone  
  108  15:48  Drone  
  108  15:49  Drone  
  111  15:51  Drone  
  111  15:53  Drone  
  111  15:55  Drone  
  111  15:56  Drone  
  115  15:58  Drone  
  115  16:02  Overlord  
  116  16:06  Pathogen Glands  
  116  16:17  Zerg Melee Weapons Level 3  
  116  16:26  Zerg Ground Armor Level 3  
  116  16:33  Tunneling Claws  
  116  16:40  Zerg Flyer Weapons Level 2  
  116  16:55  Corruptor  
  118  17:02  Overlord  
  118  17:03  Neural Parasite  
  118  17:10  Hatchery  
  117  17:18  Zergling x2  
  111  17:25  Hydralisk  
  103  17:33  Hydralisk  
  105  17:39  Extractor  
  105  17:40  Hydralisk  
  106  17:58  Spore Crawler  
  105  18:00  Spore Crawler  
  105  18:02  Queen  
  106  18:05  Viper  
  109  18:23  Drone  
  109  18:25  Queen, Drone  
  109  18:27  Drone  
  114  18:28  Extractor, Drone  
  114  18:29  Drone  
  114  18:30  Spine Crawler  
  114  18:31  Drone, Spine Crawler  
  114  18:32  Drone  
  114  18:33  Spore Crawler  
  114  18:34  Drone  
  114  18:36  Drone, Spore Crawler  
  114  18:37  Extractor, Drone  
  114  18:38  Drone  
  114  18:40  Drone  
  117  18:41  Drone  
  118  18:54  Zerg Missile Weapons Level 3  
  118  18:56  Greater Spire  
  118  19:00  Spine Crawler  
  118  19:01  Drone  
  118  19:02  Spine Crawler  
  118  19:03  Drone  
  118  20:08  Corruptor, Zerg Flyer Weapons Level 3  
  118  20:09  Brood Lord  
  118  20:11  Spire  
  118  20:13  Drone  
  122  20:41  Corruptor, Brood Lord  
  126  21:07  Corruptor  
  126  21:08  Overlord  
  128  21:15  Corruptor  
  130  21:22  Corruptor, Brood Lord  
  130  21:23  Zerg Flyer Armor Level 2  
  134  21:40  Corruptor  
  134  21:41  Overlord, Brood Lord  
  138  21:48  Corruptor, Brood Lord  
  139  21:55  Zergling x2  
  123  22:02  Infestor  
  123  22:06  Overseer  
  104  22:09  Infestor  
  104  22:10  Overseer, Brood Lord  
  98  22:16  Corruptor  
  100  22:24  Corruptor, Brood Lord  
  104  22:31  Corruptor  
  104  22:32  Brood Lord  
  108  22:55  Hatchery  
  107  24:01  Zergling x2  
  107  24:04  Hydralisk  
  107  24:05  Overlord  
  107  24:08  Zergling x2  
  107  24:09  Drone  
  89  24:10  Queen  
  89  24:11  Drone  
  89  24:13  Overlord  
  79  24:21  Extractor, Overlord  
  79  24:22  Lair  
  70  24:25  Spore Crawler  
  70  24:26  Spore Crawler  
  70  24:27  Extractor, Overlord  
  64  24:33  Overlord  
  64  24:42  Overlord  
  64  24:43  Hydralisk Den  
  64  24:45  Overlord  
  61  24:52  Evolution Chamber  
  60  24:53  Overlord x2  
  60  24:56  Evolution Chamber  
  56  25:09  Overlord  
  55  25:14  Overlord  
  55  25:15  Drone  
  55  25:17  Drone  
  55  25:18  Evolution Chamber  
  52  25:23  Overseer  
  50  25:29  Evolution Chamber  
  50  25:30  Overseer  
  50  25:32  Overlord  
  50  25:35  Overseer  
  45  25:37  Drone, Spawning Pool  
  45  25:39  Drone  
  45  25:40  Drone  
  45  25:41  Hydralisk Den  
  45  25:42  Drone  
  33  25:45  Spire, Drone  
  33  25:46  Drone  
  33  25:48  Drone, Infestation Pit  
  35  25:51  Overlord, Drone  
  35  25:54  Drone  
  35  25:56  Drone  
  28  25:57  Drone  
  28  25:59  Drone  
  22  26:08  Spire  
  19  26:11  Overlord  
  19  26:16  Drone  
  18  26:25  Overseer x2  
  14  26:40  Hatchery  
Show
View Real Time Build Order
Export as new Build Order

larsgj Terran - Winner!

Build Orders:  

Get SALT Encoding   

  12  0:01  SCV  
  13  0:14  SCV  
  13  0:20  Supply Depot  
  14  0:30  SCV  
  15  0:43  SCV  
  15  0:45  Barracks  
  16  0:55  SCV  
  17  1:03  Barracks  
  17  1:07  SCV  
  18  1:17  Supply Depot  
  18  1:19  SCV  
  19  1:28  Supply Depot  
  19  1:31  SCV  
  20  1:37  Marine  
  21  1:43  SCV  
  22  1:50  Supply Depot  
  22  1:53  Marine  
  23  1:54  Marine  
  23  1:55  SCV  
  25  2:07  SCV  
  26  2:09  Barracks  
  26  2:11  Marine  
  27  2:19  SCV  
  28  2:23  Supply Depot  
  28  2:31  SCV  
  28  2:34  Marine x2  
  31  2:44  SCV  
  32  2:51  Marine  
  32  2:52  Marine  
  32  2:55  Marine  
  32  2:56  SCV  
  36  3:08  SCV  
  36  3:09  Marine x2  
  39  3:13  Marine  
  40  3:20  SCV  
  40  3:26  Refinery  
  41  3:27  Marine x2  
  41  3:30  Refinery  
  41  3:31  Marine  
  41  3:32  SCV  
  45  3:44  SCV  
  45  3:45  Marine  
  47  3:56  SCV  
  47  3:57  Marine x2  
  50  4:03  Marine  
  50  4:04  Supply Depot  
  51  4:15  Marine x2  
  53  4:20  Bunker  
  53  4:21  Marine  
  53  4:23  Bunker  
  54  4:27  Supply Depot  
  54  4:33  Marine x2  
  56  4:38  Marine  
  57  4:50  Marine  
  57  4:51  Marine, Supply Depot  
  59  4:57  Engineering Bay  
  59  4:59  Barracks Tech Lab  
  59  5:14  Supply Depot  
  59  5:21  Factory  
  59  5:31  Command Center  
  59  6:04  Bunker  
  59  6:08  Bunker  
  59  6:14  Terran Infantry Weapons Level 1  
  59  6:20  Armory  
  59  6:25  Armory  
  59  6:30  Orbital Command  
  59  6:36  Missile Turret  
  59  6:56  Missile Turret  
  59  7:07  SCV  
  60  7:15  Refinery  
  60  7:16  Missile Turret  
  60  7:18  Refinery  
  60  7:19  SCV  
  61  7:31  SCV  
  61  7:32  Combat Shield  
  61  7:36  Missile Turret  
  62  7:43  SCV  
  63  7:49  Missile Turret  
  63  7:52  Missile Turret  
  63  7:55  SCV  
  63  7:57  Missile Turret  
  64  8:07  SCV  
  64  8:08  Terran Infantry Armor Level 1  
  65  8:17  Missile Turret  
  65  8:19  SCV  
  66  8:24  Terran Ship Weapons Level 1  
  66  8:30  Starport  
  66  8:31  SCV  
  67  8:36  Missile Turret  
  67  8:43  SCV  
  68  9:00  Marine  
  68  9:01  Marine x2  
  68  9:02  Missile Turret  
  71  9:08  Starport  
  71  9:12  Stimpack  
  71  9:18  Marine  
  71  9:19  Marine x2  
  71  9:21  Fusion Core  
  74  9:24  Starport Tech Lab  
  74  9:36  Marine x2  
  74  9:37  Marine  
  74  9:38  Supply Depot  
  77  9:45  Orbital Command, Starport  
  77  9:53  Starport Tech Lab  
  77  9:54  Marine x3  
  80  10:01  Supply Depot  
  80  10:12  Marine x3, Missile Turret  
  83  10:18  Terran Vehicle And Ship Armor Level 1  
  83  10:23  Supply Depot  
  83  10:24  Neosteel Armor  
  83  10:34  Missile Turret  
  83  10:47  Supply Depot  
  83  10:54  Missile Turret  
  83  10:55  Starport Tech Lab  
  83  11:10  Supply Depot  
  83  11:27  Missile Turret  
  83  11:36  Supply Depot  
  83  11:48  Missile Turret  
  83  12:04  Hi-Sec Auto Tracking  
  83  12:08  Missile Turret  
  83  12:28  Missile Turret  
  82  12:48  Missile Turret  
  76  13:01  Terran Infantry Weapons Level 2  
  75  13:09  Missile Turret  
  61  13:26  Weapon Refit  
  57  13:28  Terran Ship Weapons Level 2  
  57  13:30  Missile Turret  
  57  13:35  Battlecruiser  
  57  13:36  Battlecruiser x2  
  75  13:44  Marine x3  
  78  13:51  Missile Turret  
  78  14:01  Marine  
  78  14:02  Marine x2  
  81  14:07  Command Center  
  81  14:11  Missile Turret  
  81  14:19  Marine x2  
  81  14:20  Marine  
  84  14:39  Battlecruiser  
  84  14:40  Battlecruiser  
  84  14:41  Battlecruiser  
  84  14:44  Marauder  
  104  14:47  Barracks Tech Lab  
  104  14:51  Barracks Tech Lab  
  104  15:05  Marauder  
  106  15:17  Terran Infantry Armor Level 2  
  106  15:27  Marauder  
  108  15:43  Battlecruiser  
  108  15:44  Battlecruiser, Terran Vehicle And Ship Armor Level 2  
  108  15:48  Marauder  
  122  16:07  Command Center  
  122  16:09  Marauder  
  124  16:27  Command Center  
  124  17:15  Battlecruiser  
  130  17:33  Terran Infantry Weapons Level 3, SCV  
  131  17:45  SCV  
  132  17:58  SCV  
  133  18:04  Refinery  
  133  18:05  Refinery  
  133  18:10  SCV  
  133  18:11  Battlecruiser  
  140  18:22  SCV  
  141  18:34  Orbital Command  
  141  18:37  Orbital Command  
  141  19:06  Battlecruiser  
  147  19:32  Battlecruiser x2  
  159  20:06  Command Center  
  159  20:11  Battlecruiser, Terran Ship Weapons Level 3  
  165  20:19  Terran Infantry Armor Level 3  
  165  20:36  Battlecruiser  
  165  20:37  Battlecruiser  
  177  21:15  Battlecruiser  
  181  21:53  Refinery  
  181  21:54  Refinery  
  181  22:07  Command Center  
  171  22:29  Orbital Command  
  171  22:48  Terran Vehicle And Ship Armor Level 3  
  171  23:21  Orbital Command  
Tags
 
Add a new tag
Caveats
  • Supply blocks, unpowered buildings, or Contaminate may cause inaccurate times.
  • Supply counts are checked every 10 seconds.